 Dungeon Crawl Stone Soup version 0.27-a0-1438-g9b7c6745da (webtiles) character file.

Game seed: 15967112119497514152

72 2tc the Insei (level 4, -9/32 HPs)
             Began as a Demonspawn Transmuter on July 4, 2021.
             Was a Follower of Dithmenos.
             Mangled by Sigmund (15 damage)
             ... on level 3 of the Dungeon.
             The game lasted 00:04:09 (2433 turns).

2tc the Insei (Demonspawn Transmuter)               Turns: 2433, Time: 00:04:11

Health: -9/32      AC:  3    Str: 12    XL:     4   Next: 6%
Magic:  4/7        EV: 12    Int: 14    God:    Dithmenos [*.....]
Gold:   111        SH:  0    Dex: 19    Spells: 0/7 levels left

rFire    . . .     SeeInvis .     - Unarmed
rCold    . . .     Faith    .   (no shield)
rNeg     . . .     Spirit   .   a - +0 robe
rPois    .         Reflect  .   (helmet currently unavailable)
rElec    .         Harm     .   f - +0 cloak
rCorr    .         Rampage  .   (no gloves)
Will     .....                  (boots currently unavailable)
Stlth    ++........             (no amulet)
HPRegen  0.10/turn              b - ring of wizardry
MPRegen  0.10/turn              e - +6 ring of dexterity

@: appendages (expiring), wereblooded, wreathed by umbra
A: horns 2, talons 2, demonic guardian 2
a: End Transformation, Renounce Religion


You were on level 3 of the Dungeon.
You worshipped Dithmenos.
Dithmenos was aware of your devotion.
You had temporarily grown beastly horns and talons.
You visited 1 branch of the dungeon, and saw 3 of its levels.

You collected 111 gold pieces.

Inventory:

Armour
 a - a +0 robe (worn)
 f - a +0 cloak (worn)
 i - a +0 helmet (melded)
Jewellery
 b - a ring of wizardry (left hand)
 c - a ring of willpower
 e - a +6 ring of dexterity (right hand)
Scrolls
 d - a scroll of teleportation
 h - a scroll of fear
Potions
 g - a potion of attraction


   Skills:
 - Level 1.0 Fighting
 - Level 1.7 Dodging
 * Level 4.5 Unarmed Combat
 - Level 2.0 Spellcasting
 - Level 1.7 Transmutations


You couldn't memorise any spells.
You knew the following spells:

 Your Spells              Type           Power      Damage    Failure   Level
a - Beastly Appendage     Tmut           12%        N/A       4%          1
b - Wereblood             Tmut           6%         N/A       7%          2
c - Ice Form              Ice/Tmut       3%         N/A       52%         4

Your spell library contained the following spells:

 Spells                   Type           Power      Damage    Failure   Level
 Spider Form              Tmut/Pois      1%         N/A       21%         3


Dungeon Overview and Level Annotations

Branches:
Dungeon (3/15)

Altars:
Dithmenos

Annotations:
D:3 Sigmund


Innate Abilities, Weirdness & Mutations

You have temporarily grown beastly horns and talons.
A demonic guardian rushes to your aid.


Message History

A worm comes into view.
A worm is nearby!
You see here a scroll labelled HYNOBU BIN KOCAKK.
Sigmund the Dreaded comes into view.
He is wielding a +3 scythe of holy wrath.
Sigmund shouts!
An endoplasm comes into view.
Sigmund gestures wildly while chanting.
Sigmund flickers and vanishes!
Deactivating autopickup; reactivate with Ctrl-A.
You see here a scroll labelled HYNOBU BIN KOCAKK.
Okay, then.
There is a stone staircase leading up here.
Casting: Beastly Appendage (safe; 4% risk of failure)
Confirm with . or Enter, or press ? or * to list all spells.
You grow a pair of large bovine horns.
Your feet morph into talons.
Your +0 helmet melds into your body.
Casting: Beastly Appendage (safe; 4% risk of failure)
Confirm with . or Enter, or press ? or * to list all spells.
Your blood is infused with primal strength.
Your transformation is almost over.
Unknown command.
You hit the worm. You claw the worm.
The worm is lightly wounded.
You hit the worm but do no damage. You claw the worm.
The worm is moderately wounded.
Something barely misses you. The worm closely misses you.
You barely miss the worm.
The worm is moderately wounded.
Something hits you!
A demonic guardian appears!
You convulse.
You hit the worm but do no damage. You claw the worm.
The worm is heavily wounded.
Something hits you.
You convulse.
The worm bites you!
* * * LOW HITPOINT WARNING * * *
You hit the worm. You headbutt the worm.
The worm is almost dead.
Your ice devil hits the worm!
The worm dies!
Dithmenos accepts your kill. Something hits you!
You die...

.$..$....#
....{....#
.........#
.......?.#
.........#
..#####.####
. #{...#
#.##.# #@4#
# #.## ....
.....##
.......#
#+###+##


You could see a friendly ice devil (summoned).

Vanquished Creatures
  2 adders (D:2)
  A worm (D:2)
  2 dart slugs (D:1)
  An orc (D:2)
  4 ball pythons
  5 endoplasms
  2 giant cockroaches (D:2)
  3 goblins (D:1)
  2 hobgoblins
  3 jackals (D:2)
  5 kobolds
  2 quokkas (D:2)
  6 bats
  2 frilled lizards (D:1)
  3 rats
43 creatures vanquished.

Vanquished Creatures (collateral kills)
  2 worms
2 creatures vanquished.

Grand Total: 45 creatures vanquished

Notes
Turn   | Place    | Note
-------+----------+-------------------------------------------
     0 | D:1      | 2tc the Demonspawn Transmuter began the quest for the Orb.
     0 | D:1      | Reached XP level 1. HP: 15/15 MP: 3/3
   197 | D:1      | Reached skill level 3 in Unarmed Combat
   239 | D:1      | Gained mutation: A weak demonic guardian rushes to your
                  | aid. [demonic ancestry]
   239 | D:1      | Reached XP level 2. HP: 15/21 MP: 3/5
   243 | D:1      | Learned a level 2 spell: Wereblood
  1048 | D:2      | Gained mutation: A demonic guardian rushes to your aid.
                  | [demonic ancestry]
  1048 | D:2      | Reached XP level 3. HP: 26/26 MP: 4/6
  1086 | D:2      | Reached skill level 4 in Unarmed Combat
  1781 | D:2      | Found a faded altar of an unknown god.
  1790 | D:2      | Became a worshipper of Dithmenos the Shadowed
  1790 | D:2      | Reached * piety under Dithmenos
  2117 | D:2      | Reached XP level 4. HP: 32/32 MP: 5/7
  2210 | D:2      | Learned a level 4 spell: Ice Form
  2414 | D:3      | Noticed Sigmund
  2433 | D:3      | Mangled by Sigmund

Illustrated notes

Levels and vault maps discovered:
D:1:      minmay_arrival_three_doors, layout_basic, moated_statue
D:2:      layout_basic, hellmonk_ecumenical_altar_crossroads
D:3:      layout_basic, okawaru_gym_becter, minmay_misc_feat_square,
          eino_tiny_chamber, guppyfry_early_orc_mine, uniq_sigmund

Skill      XL: |  1  2  3 |
---------------+----------+-----
Unarmed Combat | 3 4 |  4.5
Fighting       | |  1.0
Dodging        | |  1.7
Spellcasting   | |  2.0
Transmutations | |  1.7

Action                   |  1- 3 |  4- 6 || total
-------------------------+-------+-------++-------
Melee: Unarmed           |   109 |    11 ||   120
       Kick              |    23 |     3 ||    26
       Headbutt          |     4 |     1 ||     5
       Punch             |     1 |       ||     1
 Cast: Beastly Appendage |    18 |     1 ||    19
       Wereblood         |     1 |     1 ||     2
  Use: Scroll            |     6 |       ||     6
 Stab: Sleeping          |     3 |       ||     3
Armor: Robe              |    28 |       ||    28
Dodge: Dodged            |    82 |     4 ||    86

Table legend: (Time is in decaauts)
 A = Elapsed time spent in this place.
 B = Non-inter-level travel time spent in this place.
 C = Inter-level travel time spent in this place.
 D = Time resting spent in this place.
 E = Time spent auto-exploring this place.
 F = Levels seen in this place.
 G = Mean time per level.
                   A        B        C        D        E       F      G
               +--------+--------+--------+--------+--------+-----+--------+
         Total |   2422 |   2349 |     73 |      5 |   2002 |   3 |  807.3 |
       Dungeon |   2422 |   2349 |     73 |      5 |   2002 |   3 |  807.3 |
               +--------+--------+--------+--------+--------+-----+--------+

Top non-repeatable levels by time:
     D:2: 1364 daAuts
     D:1: 1032 daAuts
     D:3: 25 daAuts
